 Dungeon Crawl Stone Soup version 0.31-a0-1178-gc5c9b8f871 (webtiles) character file.

Game seed: 4692611758594434436

457 grandjackal the Chopper (level 6, 0/49 HPs)
             Began as a Demonspawn Gladiator on Dec 11, 2023.
             Killed from afar by an orc wizard (7 damage)
             ... with a puff of flame
             ... on level 5 of the Dungeon.
             The game lasted 00:04:26 (3857 turns).

grandjackal the Chopper (Demonspawn Gladiator)      Turns: 3857, Time: 00:04:26

Health: 0/49       AC:  5    Str: 17    XL:     6   Next: 77%
Magic:  6/6        EV: 12    Int:  8    God:
Gold:   105        SH:  0    Dex: 14    Spells: 5/5 levels left

rFire   . . .        a - +0 war axe
rCold   . . .        (no shield)
rNeg    . . .        b - +0 leather armour
rPois   .            c - +0 helmet
rElec   .            p - +0 cloak
rCorr   .            (no gloves)
SInv    .            (no boots)
Will    .....        (no amulet)
Stlth   +            (no ring)
HPRegen 0.28/turn    (no ring)
MPRegen 0.20/turn

%: no passive effects
@: no status effects
A: hooves 2, magic regeneration, condensation shield
a: no special abilities


You were on level 5 of the Dungeon.
You visited 1 branch of the dungeon, and saw 5 of its levels.

You collected 165 gold pieces.
You spent 60 gold pieces at shops.

Inventory:

Hand Weapons
 a - a +0 war axe (weapon)
 v - a +0 scythe
Missiles
 d - 4 throwing nets (quivered)
 e - a javelin
 g - 2 boomerangs
Armour
 b - a +0 leather armour (worn)
 c - a +0 helmet (worn)
 p - a +0 cloak (worn)
 q - a +0 buckler
Wands
 x - a wand of iceblast (7)
Scrolls
 h - a scroll of amnesia {unknown}
 l - 2 scrolls of enchant weapon {unknown}
 m - 2 scrolls of blinking {unknown}
 n - 2 scrolls of revelation {unknown}
 o - a scroll of silence {unknown}
 r - a scroll of poison
 s - a scroll of enchant armour
 t - 2 scrolls of teleportation
Potions
 f - a potion of might
 i - a potion of enlightenment
 j - a potion of mutation
 k - a potion of curing
 u - a potion of lignification
 w - a potion of heal wounds {unknown}


   Skills:
 + Level 4.5 Fighting
 + Level 4.5 Axes
 - Level 2.0 Throwing
 - Level 3.0 Dodging
 + Level 3.0 Shields


You had 5 spell levels left.
You didn't know any spells.
Your spell library contained the following spells:

 Spells                   Type           Power      Damage    Failure   Level
 Magic Dart               Conj           0%         1d3       47%         1
 Sting                    Tmut/Pois      0%         1d3       47%         1
 Call Imp                 Summ           0%         N/A       63%         2
 Wereblood                Tmut           0%         N/A       63%         2
 Mephitic Cloud           Conj/Pois/Air  0%         N/A       85%         3
 Irradiate                Conj/Tmut      0%         3d11      100%        5
 Death Channel            Necr           0%         N/A       100%        6
 Infestation              Necr           0%         N/A       100%        8


Dungeon Overview and Level Annotations

Branches:
Dungeon (5/15)
 Temple: D:4-7

Altars:
Dithmenos
Kikubaaqudgha
Wu Jian
Yredelemnul

Shops:
D:2 ?


Innate Abilities, Weirdness & Mutations

You have hoof-like feet.
You regenerate magic rapidly.
A meltable shield of frost defends you. (SH +0)


Message History

You feel less confused. Something hits you.
You see here a +0 club.
You hit something. You punch something. Something hits you but does no damage.
You miss something. You kick something.
You hear some strange, mumbled words.
A puff of flame appears from out of thin air!
The puff of flame hits you!
Your condensation shield dissipates!
You closely miss something. Your kick misses something.
You hear some strange, mumbled words.
You are confused.
You hear some strange, mumbled words.
You are more confused.
You barely miss something. Your kick misses something.
You hear some strange, mumbled words.
A magic dart appears from out of thin air!
The magic dart hits you!
* * * LOW HITPOINT WARNING * * *
You bump into the rock wall.
Something hits you.
* * * LOW HITPOINT WARNING * * *
You bump into the rock wall.
Something hits you but does no damage.
You're too confused to move!
Something hits you but does no damage. Something hits you.
* * * LOW HITPOINT WARNING * * *
You bump into the rock wall.
Something hits you.
* * * LOW HITPOINT WARNING * * *
You bump into the rock wall.
Something hits you but does no damage.
You're too confused to move!
An orc wizard appears from thin air!
Reactivating autopickup.
The orc wizard hits you but does no damage.
You bump into the rock wall.
The orc wizard hits you with a +0 dagger.
* * * LOW HITPOINT WARNING * * *
The orc wizard closely misses you.
You bump into the rock wall.
You feel less confused.
The orc wizard gestures at you while chanting.
The puff of flame hits you!
You die...

##### #...#
#.8.#
####...###.⌠
#...........
#@o........#
#.)........#
####.......#
#........
#........
.........
⌠.###...# .#
.8. .# ..


You could see an orc wizard.

Vanquished Creatures
  Sigmund (D:3)
  2 orc priests
  2 hounds
  A jelly (D:4)
  5 adders
  6 dart slugs
  7 orcs
  12 ball pythons
  5 endoplasms
  7 giant cockroaches
  10 goblins
  6 hobgoblins
  5 jackals
  A kobold (D:1)
  4 quokkas
  3 bats
  7 frilled lizards
  5 rats
89 creatures vanquished.

Notes
Turn   | Place    | Note
-------+----------+-------------------------------------------
     0 | D:1      | grandjackal the Demonspawn Gladiator began the quest for
                  | the Orb.
     0 | D:1      | Reached XP level 1. HP: 16/16 MP: 1/1
   173 | D:1      | Gained mutation: You have large cloven feet. [demonic
                  | ancestry]
   173 | D:1      | Reached XP level 2. HP: 11/22 MP: 2/2
   580 | D:1      | Gained mutation: A meltable shield of frost defends you.
                  | (SH +0) [demonic ancestry]
   580 | D:1      | Reached XP level 3. HP: 28/28 MP: 3/3
  1368 | D:2      | Got the Codex of Fluctuating Maleficent Deeds
  1377 | D:2      | Found The Oracle's Delphic Readings.
  1383 | D:2      | Bought a scroll of teleportation for 36 gold pieces
  1502 | D:2      | Gained mutation: You have hoof-like feet. [demonic
                  | ancestry]
  1502 | D:2      | Reached XP level 4. HP: 31/35 MP: 4/4
  1524 | D:2      | Found an ancient bone altar of Kikubaaqudgha.
  1851 | D:2      | Bought a scroll of identify for 24 gold pieces
  1902 | D:3      | HP: 1/35 [orc/+0 dagger (3)]
  1903 | D:3      | Reached skill level 1 in Shields
  2287 | D:3      | Found a faded altar of an unknown god.
  2537 | D:3      | Gained mutation: You regenerate magic rapidly. [demonic
                  | ancestry]
  2537 | D:3      | Reached XP level 5. HP: 30/41 MP: 5/5
  2637 | D:3      | Found a faded altar of an unknown god.
  2645 | D:3      | Found a faded altar of an unknown god.
  2647 | D:3      | Found an ornate altar of the Wu Jian Council.
  2649 | D:3      | Found a shadowy altar of Dithmenos.
  2997 | D:3      | Noticed Sigmund
  3004 | D:3      | Killed Sigmund
  3005 | D:3      | Reached XP level 6. HP: 40/48 MP: 6/6
  3139 | D:4      | Found a basalt altar of Yredelemnul.
  3753 | D:5      | Entered Level 5 of the Dungeon
  3857 | D:5      | Killed from afar by an orc wizard

Illustrated notes

Levels and vault maps discovered:
D:1:      giann_bridges, layout_loops_corners
D:2:      layout_basic, basic_altar, nicolae_nh_oracle_at_delphi
D:3:      layout_basic, chequers_temple_overflow_minitemple,
          shapermc_ecumenical_altar_gd, nicolae_eternal_life, uniq_sigmund
D:4:      layout_layer_cave, mainiacjoe_overflow_chevrons, ebering_ghost_sewer_d
D:5:      layout_gridville, temple_pool_b, serial_glass, glass_columns_a,
          glass_columns_b, minmay_strange_pillars, minmay_strange_pillars,
          due_unseen_surprise, nicolae_elevator_lobby_asterisk

Skill      XL: |  1  2  3  4  5  6 |
---------------+-------------------+-----
Throwing       | 2 |  2.0
Axes           | 3 4 |  4.5
Dodging        | 3 |  3.0
Fighting       | 3 4 |  4.5
Shields        | 1 2 3 |  3.0

Action                     |  1- 3 |  4- 6 || total
---------------------------+-------+-------++-------
  Melee: War axe           |   107 |   136 ||   243
         Kick              |    16 |    40 ||    56
         Punch             |     1 |     5 ||     6
    Use: Scroll            |       |     7 ||     7
 Armour: Leather armour    |    59 |   122 ||   181
  Dodge: Dodged            |    86 |    92 ||   178
  Block: Other             |    10 |    18 ||    28

Table legend: (Time is in decaauts)
 A = Elapsed time spent in this place.
 B = Non-inter-level travel time spent in this place.
 C = Inter-level travel time spent in this place.
 D = Time resting spent in this place.
 E = Time spent auto-exploring this place.
 F = Levels seen in this place.
 G = Mean time per level.
                   A        B        C        D        E       F      G
               +--------+--------+--------+--------+--------+-----+--------+
         Total |   3937 |   3778 |    159 |    450 |   2611 |   5 |  787.4 |
       Dungeon |   3937 |   3778 |    159 |    450 |   2611 |   5 |  787.4 |
               +--------+--------+--------+--------+--------+-----+--------+

Top non-repeatable levels by time:
     D:3: 1209 daAuts
     D:1: 976 daAuts
     D:2: 947 daAuts
     D:4: 699 daAuts
     D:5: 104 daAuts
